 Dungeon Crawl Stone Soup version 0.31.0-4-g52a2dc7128 (webtiles) character file.

Game seed: 13836446614245662234

108 Xavori the Slasher (level 5, 0/40 HPs)
             Began as a Djinni Chaos Knight on Jan 22, 2024.
             Was a Plaything of Xom.
             Slain by an orc
             ... wielding a +0 hand axe
              (6 damage)
             ... on level 3 of the Dungeon.
             The game lasted 00:02:14 (10965 turns).

Xavori the Slasher (Djinni Chaos Knight)           Turns: 10965, Time: 00:02:14

Health: 0/40       AC:  5    Str: 11    XL:     5   Next: 12%
Gold:   164        EV: 12    Int: 14    God:    Xom [..*...] SH:  0 Dex: 14

rFire   + + .        a - +0 falchion (chaos)
rCold   x . .        (no shield)
rNeg    . . .        b - +2 leather armour
rPois   ∞            (no helmet)
rElec   .            (no cloak)
rCorr   .            (no gloves)
SInv    .            (boots unavailable)
Will    .....        (no amulet)
Stlth   +            (no ring)
HPRegen 0.26/turn    (no ring)
MPRegen 0.00/turn

%: infuse magic (-1 HP)
@: flying, very slightly contaminated
A: sickness immunity, fire resistance 2, cold vulnerability 1, float, innate
caster, HP casting, extra vitality 1, inability to drink after injury 1,
inability to read after injury 2, MP-powered wands, noise suppression
a: Renounce Religion


You were on level 3 of the Dungeon.
You worshipped Xom.
You were a toy of Xom.
You visited 1 branch of the dungeon, and saw 3 of its levels.

You collected 164 gold pieces.

Inventory:

Hand Weapons
 a - a +0 falchion of chaos (weapon)
Armour
 b - a +2 leather armour (worn)
Scrolls
 c - a scroll of butterflies
 d - 2 scrolls of identify {unknown}
 e - 2 scrolls of vulnerability {unknown}
 j - a scroll of enchant armour {unknown}
 k - a scroll of fog {unknown}
Potions
 f - 2 potions of curing {unknown}
 g - a potion of mutation {unknown}
 h - 2 potions of brilliance {unknown}
 i - 2 potions of magic {unknown}
 l - 2 potions of lignification {unknown}
 m - a potion of haste {unknown}


   Skills:
 + Level 3.4 Fighting
 + Level 3.5 Long Blades
 + Level 2.2 Armour
 + Level 2.6 Dodging
 * Level 0.8 Spellcasting
 * Level 0.8 Conjurations
 * Level 0.8 Hexes
 * Level 0.8 Summonings
 * Level 0.8 Necromancy
 * Level 0.8 Translocations
 * Level 0.8 Fire Magic
 * Level 0.8 Ice Magic
 * Level 0.8 Air Magic
 * Level 0.8 Earth Magic
 * Level 0.8 Alchemy


You knew the following spells:

 Your Spells              Type           Power      Damage    Failure   Level
a - Magic Dart            Conj           8%         1d3       26%         1
b - Call Imp              Summ           4%         N/A       36%         2
Your spell library was empty.

Dungeon Overview and Level Annotations

Branches:
Dungeon (3/15)

Altars:
Okawaru
Uskayaw
Xom

Shops:
D:1 =


Innate Abilities, Weirdness & Mutations

You are immune to sickness and miasma.
You are immune to poison.
Your flesh is very heat resistant. (rF++)
You are vulnerable to cold. (rC-)
You float through the air rather than walking.
You learn spells naturally, not from books.
Your magical power is your life essence.
You have superior vitality. (+4 MHP)
You occasionally lose the ability to drink potions when taking damage.
You sometimes lose the ability to read scrolls when taking damage.
You expend health (3 HP) to strengthen your wands.
You passively dampen the noise of your surroundings.


Message History

The orc hits you with a +0 hand axe. The orc completely misses you.
You are too injured to fight recklessly!
You are too injured to fight recklessly!
Unknown command.
You hit the orc priest. You freeze the orc priest.
You kill the orc priest!
The orc closely misses you. The orc barely misses you.
You have reached level 5!
The power to cast Call Imp wells up from within.
Spell assigned to 'b'.
The orc attacks as it pursues you! The orc misses you.
Unknown command.
The orc attacks as it pursues you! The orc closely misses you.
Cast which spell? (? or * to list)
Okay, then.
Cast which spell? (? or * to list)
You miscast Call Imp.
You are very lightly contaminated with residual magic.
Nothing appears to happen.
The orc closely misses you.
You hit the orc.
The orc is almost dead.
The orc hits you with a +0 flail.
* * * LOW HITPOINT WARNING * * *
You hit the orc. You freeze the orc.
You kill the orc!
You barely miss the orc. The orc hits you with a +0 hand axe.
* * * LOW HITPOINT WARNING * * *
You closely miss the orc. The orc closely misses you.
You hit the orc.
The orc seems to speed up.
The orc is almost dead.
Xom smirks.
You detect nothing.
The orc hits you with a +0 hand axe.
* * * LOW HITPOINT WARNING * * *
The orc closely misses you.
Unknown command.
You closely miss the orc.
The orc is almost dead.
The orc barely misses you. The orc hits you with a +0 hand axe.
You die... "I guess I need a new plaything now."

##..#..........#.####
#...)............# #
#...#....#####.### #
#........# #.# #
#..#...#.# ... #
#........# .. .< #
#........# #. .# #
#.##.##.## #
#.##@##.# # #.##o##.#
# #.##o##.# ## #
#..>o...#...##
####..o).....#
####....... .......
....... .......


You could see 3 orcs.

Vanquished Creatures
  An orc priest (D:3)
  4 dart slugs
  3 orcs (D:3)
  9 endoplasms
  A giant cockroach (D:3)
  8 goblins
  7 hobgoblins
  2 jackals (D:1)
  5 kobolds
  A quokka (D:1)
  4 ball pythons
  9 bats
  3 frilled lizards
  6 rats
63 creatures vanquished.

Notes
Turn   | Place    | Note
-------+----------+-------------------------------------------
     0 | D:1      | Xavori the Djinni Chaos Knight began the quest for the Orb.
     0 | D:1      | Reached XP level 1. HP: 20/20 MP: 0/0
    97 | D:1      | Reached XP level 2. HP: 24/25 MP: 0/0
   231 | D:1      | Found Ygeppat's Jewellery Boutique.
   245 | D:1      | XOM: butterfly on damage
   266 | D:1      | XOM: smoke on damage
   269 | D:1      | Reached XP level 3. HP: 22/30 MP: 0/0
   269 | D:1      | Learned a level 1 spell: Magic Dart
   438 | D:1      | XOM: noise
  1128 | D:1      | XOM: silly message
  1516 | D:1      | XOM: silly message
  2744 | D:1      | XOM: noise
  2983 | D:1      | XOM: give mutations
  2983 | D:1      | Gained mutation: You occasionally lose the ability to read
                  | scrolls when taking damage. [Xom's mischief]
  4250 | D:1      | XOM: divination: detect creatures
  4318 | D:1      | XOM: give mutations
  4318 | D:1      | Gained mutation: You expend health (3 HP) to strengthen
                  | your wands. [Xom's grace]
  4318 | D:1      | Gained mutation: You are agile. (Dex +4, Str/Int -1) [Xom's
                  | grace]
  4910 | D:1      | XOM: give mutations
  4910 | D:1      | Gained mutation: Your mind is acute. (Int +4, Str/Dex -1)
                  | [Xom's grace]
  4910 | D:1      | Gained mutation: You have a pair of small horns on your
                  | head. [Xom's grace]
  5150 | D:1      | XOM: cloud trail
  5482 | D:1      | XOM: cloud trail
  5635 | D:1      | XOM: cloud trail
  6110 | D:1      | XOM: summons 2 hostile demons
  6432 | D:1      | XOM: god gift: scroll labelled AFYCOI HOANTES {god gift}
  6884 | D:1      | XOM: scenery: create altars
  7091 | D:1      | XOM: cloud trail
  7241 | D:1      | XOM: god gift: 44 gold pieces
  7873 | D:1      | XOM is BORED!
  7873 | D:1      | XOM: torment (16/30 hp)
  8076 | D:1      | XOM: scenery: create altars
  8193 | D:1      | XOM: god gift: staff of fire
  8246 | D:1      | XOM: give mutations
  8246 | D:1      | Lost mutation: You have a pair of small horns on your head.
                  | [Xom's mischief]
  8246 | D:1      | Lost mutation: Your mind is acute. (Int +4, Str/Dex -1)
                  | [Xom's mischief]
  8246 | D:1      | Gained mutation: You passively dampen the noise of your
                  | surroundings. [Xom's mischief]
  8246 | D:1      | Lost mutation: You are agile. (Dex +4, Str/Int -1) [Xom's
                  | mischief]
  9087 | D:1      | XOM: cloud trail
  9143 | D:1      | XOM is BORED!
  9916 | D:2      | XOM: 5-stop teleportation journey
 10012 | D:2      | Reached XP level 4. HP: 35/35 MP: 0/0
 10096 | D:2      | XOM: give mutations
 10096 | D:2      | Gained mutation: You sometimes lose the ability to read
                  | scrolls when taking damage. [Xom's mischief]
 10096 | D:2      | Gained mutation: You occasionally lose the ability to drink
                  | potions when taking damage. [Xom's mischief]
 10167 | D:2      | XOM: 7-stop teleportation journey
 10434 | D:3      | Found a hide-covered altar of Uskayaw.
 10734 | D:3      | XOM: 11-stop teleportation journey
 10789 | D:3      | Found an iron altar of Okawaru.
 10949 | D:3      | XOM: divination: detect items
 10955 | D:3      | Reached XP level 5. HP: 15/40 MP: 0/0
 10955 | D:3      | Learned a level 2 spell: Call Imp
 10964 | D:3      | XOM: divination: detect items
 10965 | D:3      | Slain by an orc

Illustrated notes

Levels and vault maps discovered:
D:1:      dpeg_arrival_rhombi, layout_basic, serial_shops, shop,
          minmay_misc_feat_columns
D:2:      layout_loops_corners
D:3:      layout_loops_cross, kennysheep_okawaru_gauntlet, marbit_many_paths

Skill      XL: |  1  2  3  4 |
---------------+-------------+-----
Long Blades    | 3 |  3.5
Armour         | 2 |  2.2
Fighting       | |  3.4
Dodging        | |  2.6
Spellcasting   | |  0.8
Conjurations   | |  0.8
Hexes          | |  0.8
Summonings     | |  0.8
Necromancy     | |  0.8
Translocations | |  0.8
Fire Magic     | |  0.8
Ice Magic      | |  0.8
Air Magic      | |  0.8
Earth Magic    | |  0.8
Alchemy        | |  0.8

Action                     |  1- 3 |  4- 6 || total
---------------------------+-------+-------++-------
  Melee: Falchion          |    80 |    86 ||   166
         Punch             |       |     2 ||     2
    Use: Scroll            |     1 |       ||     1
   Stab: Confused          |       |     1 ||     1
         Sleeping          |       |     1 ||     1
 Armour: Leather armour    |    44 |    46 ||    90
  Dodge: Dodged            |    46 |    54 ||   100
